 Dungeon Crawl Stone Soup version 0.22-a0-423-g4197694 (webtiles) character file.

501 GameOver the Conjurer (level 7, 0/55 HPs)
             Began as a Naga Wizard on May 23, 2018.
             Was an Initiate of Kikubaaqudgha.
             Slain by tstbtto's ghost (15 damage)
             ... on level 3 of the Dungeon.
             The game lasted 00:18:34 (2548 turns).

GameOver the Conjurer (Naga Wizard)                 Turns: 2548, Time: 00:18:34

Health: 0/55       AC:  8    Str:  9    XL:     7   Next: 17%
Magic:  2/11       EV: 10    Int: 21    God:    Kikubaaqudgha [......]
Gold:   98         SH:  0    Dex:  9    Spells: 3/12 levels left

rFire    . . .     SeeInvis +   w - +2 trident (flame)
rCold    + . .     Gourm    .   (no shield)
rNeg     . . .     Faith    .   a - +0 robe
rPois    +         Spirit   .   b - +0 hat
rElec    .         Reflect  .   (no cloak)
rCorr    .         Harm     .   v - +0 pair of gloves
MR       .....                  (no barding)
Stlth    ++........             (no amulet)
HPRegen  0.18/turn              z - ring of protection from cold
MPRegen  0.12/turn              g - +4 ring of protection

@: very slow
A: large, see invisible, deformed body, poison resistance, slowness 2, slow
metabolism 1, spit poison 1, AC +2
a: Spit Poison, Renounce Religion


You were on level 3 of the Dungeon.
You worshipped Kikubaaqudgha.
Kikubaaqudgha was noncommittal.
You were not hungry.

You visited 1 branch of the dungeon, and saw 4 of its levels.

You collected 98 gold pieces.

Inventory:

Hand Weapons
 f - a +0 dagger
 w - a +2 trident of flaming (weapon)
Missiles
 j - 44 bolts
Armour
 a - a +0 robe (worn)
 b - a +0 hat (worn)
 v - a +0 pair of gloves (worn)
 y - a +1 ring mail of fire resistance
Jewellery
 g - a +4 ring of protection (right hand)
 q - a +3 ring of dexterity
 z - a ring of protection from cold (left hand)
Wands
 r - a wand of flame (70)
Scrolls
 c - a scroll of remove curse
 e - 3 scrolls of immolation
 h - 2 scrolls of fear
 n - 3 scrolls of enchant armour
 u - a scroll of amnesia
 x - a scroll of teleportation
Potions
 k - 3 potions of brilliance {unknown}
 l - 2 potions of heal wounds {unknown}
 m - 2 potions of agility {unknown}
 o - 4 potions of curing
 p - a potion of resistance {unknown}
 s - a potion of might {unknown}
 t - a potion of ambrosia {unknown}
Comestibles
 d - 10 rations
 A - a chunk of flesh


   Skills:
 - Level 1.5 Dodging
 + Level 3.3 Stealth
 - Level 3.0 Spellcasting
 - Level 6.0 Conjurations
   Level 1.0 Summonings
 - Level 1.0 Translocations
 + Level 2.0 Fire Magic
 + Level 2.0 Air Magic
 + Level 2.6 Poison Magic


You had 3 spell levels left.
You knew the following spells:

 Your Spells              Type           Power        Failure   Level  Hunger
a - Magic Dart            Conj           ####         1%          1    None
b - Blink                 Tloc           N/A          13%         2    ##.....
d - Mephitic Cloud        Conj/Pois/Air  ###.....     10%         3    ###....
s - Conjure Flame         Conj/Fire      ###.....     8%          3    ###....

Your spell library contained the following spells:

 Spells                   Type           Power        Failure   Level  Hunger
 Lightning Bolt           Conj/Air       ###.......   56%         5    ######.
 Slow                     Hex            #.......     21%         2    ##.....
 Call Imp                 Summ           #.......     13%         2    ##.....
 Shock                    Conj/Air       ###.         2%          1    None
 Swiftness                Chrm/Air       #.......     13%         2    ##.....
 Airstrike                Air            ##........   50%         4    ####...
 Static Discharge         Conj/Air       ###.....     8%          3    ###....


Dungeon Overview and Level Annotations

Branches:
Dungeon (4/15)
 Temple: D:4-7

Altars:
Kikubaaqudgha
Sif Muna
Trog
Yredelemnul

Shops:
D:4 }

Annotations:
D:3 tstbtto's ghost, amateur GrFi


Innate Abilities, Weirdness & Mutations

You cannot wear boots.
Your serpentine skin is tough. (AC +2)
You have supernaturally acute eyesight. (SInv)
Armour fits poorly on your strangely shaped body.
Your system is resistant to poisons. (rPois)
You cover ground very slowly.
You have a slow metabolism.
You can spit poison.


Message History

Aim: tstbtto's ghost (moderately damaged)
The magic dart hits tstbtto's ghost.
Tstbtto's ghost is heavily damaged.
Tstbtto's ghost hits you!
Casting: Magic Dart (safe; 1% risk of failure)
Confirm with . or Enter, or press ? or * to list all spells.
You don't have enough magic to cast that spell.
You barely miss tstbtto's ghost.
Tstbtto's ghost is heavily damaged.
Tstbtto's ghost hits you. Tstbtto's ghost hits you!
You barely miss tstbtto's ghost.
Tstbtto's ghost is heavily damaged.
Tstbtto's ghost hits you!
You puncture tstbtto's ghost! You burn tstbtto's ghost.
Tstbtto's ghost is severely damaged.
Tstbtto's ghost hits you.
* * * LOW HITPOINT WARNING * * *
Tstbtto's ghost hits you!
You die...
Kikubaaqudgha rasps: "You have failed me!
Welcome... death!"

##.###.....## #............#
#.[###...###### #..###########
##............###...##
#..............?.#..#
###...........#####.##
#)..........# #..#
#...........######.#
#<.........W.....#.#########
#..........#@..............#
#...........#.<...........)#
#..........................#
##..........#.##)..........[#
####..#######.##.###...........#
.....## #..................#
.<...### ####..#.#..........#
.......##### ##...#..........#
##>..#.....# ##..#..........#


You could see tstbtto's ghost.

Vanquished Creatures
  A scorpion (D:4)
  5 orc wizards
  2 orc priests
  A bullfrog skeleton (D:4)
  Jessica (D:2)
  Natasha (thrice) (D:2)
  4 adders
  An ooze (D:3)
  A worm (D:2)
  3 dart slugs
  3 leopard geckos
  5 orcs
  12 bats
  3 giant cockroaches
  6 goblins
  9 hobgoblins
  3 jackals (D:1)
  5 kobolds
  A quokka (D:4)
  4 frilled lizards
  4 rats
  A spectral orc (D:4)
78 creatures vanquished.

Notes
Turn   | Place    | Note
-------+----------+-------------------------------------------
     0 | D:1      | GameOver the Naga Wizard began the quest for the Orb.
     0 | D:1      | Reached XP level 1. HP: 15/15 MP: 4/4
    63 | D:1      | Reached skill level 2 in Conjurations
    63 | D:1      | Reached XP level 2. HP: 19/22 MP: 6/6
   200 | D:1      | Reached XP level 3. HP: 11/28 MP: 2/7
   290 | D:1      | Reached skill level 3 in Conjurations
   663 | D:2      | Noticed Jessica
   666 | D:2      | Killed Jessica
   666 | D:2      | Reached XP level 4. HP: 36/36 MP: 5/8
   670 | D:2      | Learned a level 2 spell: Blink
   674 | D:2      | Learned a level 3 spell: Conjure Flame
   678 | D:2      | Learned a level 3 spell: Mephitic Cloud
   688 | D:2      | Noticed Natasha
   692 | D:2      | Killed Natasha
   692 | D:2      | Reached skill level 4 in Conjurations
   694 | D:2      | Found a bloodstained altar of Trog.
   732 | D:2      | Noticed Natasha
   738 | D:2      | Killed Natasha
   738 | D:2      | Reached XP level 5. HP: 41/42 MP: 5/9
   955 | D:2      | Noticed Natasha
   959 | D:2      | Killed Natasha
   959 | D:2      | Reached skill level 5 in Conjurations
  1385 | D:3      | Reached skill level 1 in Poison Magic
  1385 | D:3      | Reached XP level 6. HP: 40/49 MP: 4/10
  1389 | D:3      | Reached skill level 1 in Fire Magic
  1389 | D:3      | Reached skill level 1 in Air Magic
  1395 | D:3      | Noticed tstbtto's ghost (amateur GrFi)
  1556 | D:3      | Found a deep blue altar of Sif Muna.
  1823 | D:4      | Found an ancient bone altar of Kikubaaqudgha.
  1832 | D:4      | Became a worshipper of Kikubaaqudgha
  1891 | D:4      | Reached skill level 6 in Conjurations
  1891 | D:4      | Reached XP level 7. HP: 55/55 MP: 3/11
  1909 | D:4      | Found a basalt altar of Yredelemnul.
  1970 | D:4      | Found Okashuul's Gadget Shop.
  2548 | D:3      | Slain by tstbtto's ghost

Vault maps used:
D:1:      mrwooster_arrival_statue_2
D:2:      overflow_temple_1_default, uniq_natasha, uniq_jessica
D:3:      marbit_many_paths, first_ration, minmay_cut_off
D:4:      yredelemnul_forgotten_temple_becter, old_standard_altar, serial_shops,
          shop

Skill      XL: |  1  2  3  4  5  6  7 |
---------------+----------------------+-----
Conjurations   | 2 3 4 5 6 |  6.0
Poison Magic   | 1 2 |  2.6
Fire Magic     | 1 2 |  2.0
Air Magic      | 1 2 |  2.0
Dodging        | |  1.5
Stealth        | |  3.3
Spellcasting   | |  3.0
Summonings     | |  1.0
Translocations | |  1.0

Action                   |  1- 3 |  4- 6 |  7- 9 || total
-------------------------+-------+-------+-------++-------
Melee: Dagger            |    10 |       |       ||    10
       Spear             |     1 |    18 |       ||    19
       Trident           |       |       |     3 ||     3
 Cast: Magic Dart        |    49 |    58 |    38 ||   145
       Mephitic Cloud    |       |     2 |       ||     2
 Abil: Spit Poison       |    33 |    29 |     6 ||    68
  Use: Potion            |     1 |       |       ||     1
       Scroll            |       |     5 |     2 ||     7
 Stab: Sleeping          |       |     2 |       ||     2
  Eat: Chunk             |     1 |     5 |     2 ||     8
Armor: Robe              |     4 |     6 |     3 ||    13
Dodge: Dodged            |    22 |    15 |    10 ||    47

Table legend:
 A = Spawn XP
 B = Non-spawn XP
 C = Spawn XP percentage of total XP
 D = Spawn monster count
 E = Non-spawn monster count
 F = Spawn count percentage of total count
 G = Total turns spent on level
                    A         B        C        D         E        F      G
               +---------+---------+-------+---------+---------+-------+---------
         Total |       0 |     716 |   0.0 |       0 |      78 |   0.0 |  2548
               +---------+---------+-------+---------+---------+-------+---------
           D:1 |       0 |      50 |   0.0 |       0 |      27 |   0.0 |   477
           D:2 |       0 |     197 |   0.0 |       0 |      22 |   0.0 |   929
           D:3 |       0 |     272 |   0.0 |       0 |      21 |   0.0 |   665
           D:4 |       0 |     197 |   0.0 |       0 |       8 |   0.0 |   477
               +---------+---------+-------+---------+---------+-------+---------
